 Dungeon Crawl Stone Soup version 0.27-a0-550-ge92ec0ca06 (webtiles) character file.

Game seed: 12811796660176142678

12693 rednaxela the Thaumaturge (level 11, -26/61 HPs)
             Began as a Deep Elf Fire Elementalist on Mar 7, 2021.
             Was a Believer of Vehumet.
             Annihilated by a boulder beetle (50 damage)
             ... on level 12 of the Dungeon.
             The game lasted 00:45:32 (19368 turns).

rednaxela the Thaumaturge (DEFE)                   Turns: 19368, Time: 00:45:32

Health: -26/61     AC:  9    Str:  5    XL:     11   Next: 65%
Magic:  20/27      EV: 29    Int: 24    God:    Vehumet [**....]
Gold:   471        SH: 10    Dex: 15    Spells: 21/31 levels left

rFire    + + .     SeeInvis +   a - staff of fire
rCold    . . .     Faith    .   P - +0 kite shield
rNeg     . . .     Spirit   .   E - +1 steam dragon scales
rPois    .         Reflect  .   i - +0 helmet
rElec    .         Harm     .   M - +0 cloak
rCorr    .         Rampage  .   (no gloves)
Will     +....                  N - +0 pair of boots
Stlth    ++........             l - amulet of the acrobat
HPRegen  0.20/turn              R - ring of see invisible
MPRegen  0.20/turn              D - ring of protection from fire

@: acrobatic
A: no striking features
a: Renounce Religion


You were on level 12 of the Dungeon.
You worshipped Vehumet.
Vehumet was pleased with you.
You visited 2 branches of the dungeon, and saw 13 of its levels.

You collected 722 gold pieces.
You spent 251 gold pieces at shops.

Inventory:

Hand Weapons
 p - a +1 whip of electrocution
   (You took it off a gnoll shaman on level 3 of the Dungeon)
Missiles
 O - 2 throwing nets {!f}
Armour
 i - a +0 helmet (worn)
   (You found it on level 1 of the Dungeon)
 o - a scarf of resistance
   (You found it on level 3 of the Dungeon)
 E - +1 steam dragon scales (worn)
   (You took it off Maggie on level 7 of the Dungeon)
 M - a +0 cloak (worn)
   (You found it on level 8 of the Dungeon)
 N - a +0 pair of boots (worn)
   (You found it on level 8 of the Dungeon)
 P - a +0 kite shield (worn)
   (You took it off a gnoll sergeant on level 8 of the Dungeon)
Magical Staves
 a - a staff of fire (weapon)
   (You found it on level 8 of the Dungeon)
 b - a staff of conjuration
   (You found it on level 6 of the Dungeon)
Jewellery
 l - an amulet of the acrobat (around neck)
   (You found it on level 2 of the Dungeon)
 z - a ring of positive energy
   (You found it on level 6 of the Dungeon)
 D - a ring of protection from fire (right hand)
   (You found it on level 7 of the Dungeon)
 L - a ring of poison resistance
   (You found it on level 8 of the Dungeon)
 R - a ring of see invisible (left hand)
   (You bought it in a shop on level 6 of the Dungeon)
Wands
 x - a wand of iceblast (11) {@v2}
   (You found it on level 7 of the Dungeon)
 B - a wand of flame (35) {@v4}
   (You took it off Duvessa on level 6 of the Dungeon)
 F - a wand of mindburst (17)
   (You found it on level 8 of the Dungeon)
 H - a wand of acid (15) {@v1}
   (You found it on level 8 of the Dungeon)
 I - a wand of polymorph (5)
   (You found it on level 8 of the Dungeon)
 Q - a wand of digging (2) {@v3}
   (You took it off a gnoll on level 9 of the Dungeon)
Scrolls
 d - 3 scrolls of amnesia
 f - 3 scrolls of blinking {@r4}
 r - 2 scrolls of magic mapping {@r5 !r}
 u - 3 scrolls of immolation
 v - 7 scrolls of teleportation {@r3 !r}
 w - 4 scrolls of enchant weapon
 C - a scroll of fear {!r}
 J - a scroll of vulnerability
Potions
 e - 2 potions of ambrosia {unknown}
 g - a potion of brilliance {unknown}
 h - 2 potions of might {@q3 !q}
 j - 3 potions of lignification {@q5}
 k - 2 potions of resistance {unknown}
 m - 3 potions of curing {unknown}
 n - a potion of berserk rage {unknown}
 q - a potion of cancellation {unknown}
 s - 3 potions of heal wounds {unknown}
 t - 3 potions of mutation {unknown}
 A - a potion of magic {unknown}
 G - 4 potions of haste {unknown}
 K - 2 potions of flight {unknown}
Miscellaneous
 y - a box of beasts
   (You found it on level 9 of the Dungeon)


   Skills:
 - Level 4.0 Fighting
 - Level 6.6 Dodging
 - Level 2.5 Stealth
 + Level 8.6 Shields
 - Level 10.8 Spellcasting
 - Level 9.3 Conjurations
 - Level 9.4 Fire Magic


You had 21 spell levels left.
You knew the following spells:

 Your Spells              Type           Power      Damage    Failure   Level
a - Foxfire               Conj/Fire      100%       2x1d9     1%          1
b - Sticky Flame          Conj/Fire      72%        2d9       2%          4
c - Fireball              Conj/Fire      36%        3d15      6%          5

Your spell library contained the following spells:

 Spells                   Type           Power      Damage    Failure   Level
 Searing Ray              Conj           100%       3d7       1%          2
 Conjure Flame            Conj/Fire      72%        6-21      1%          3
 Inner Flame              Hex/Fire       52%        N/A       4%          3
 Summon Small Mammal      Summ           48%        N/A       11%         1
 Call Imp                 Summ           12%        N/A       17%         2
 Call Canine Familiar     Summ           12%        N/A       32%         3
 Summon Guardian Golem    Hex/Summ       12%        N/A       32%         3
 Summon Ice Beast         Ice/Summ       12%        N/A       73%         4
 Summon Lightning Spire   Summ/Air       12%        N/A       73%         4


Dungeon Overview and Level Annotations

Branches:
Dungeon (12/15)            Temple (1/1) D:7            Lair (0/6) D:8
    Orc (0/2) D:12

Altars:
Ashenzari
Cheibriados
Dithmenos
Elyvilon
Fedhas
Gozag
Hepliaklqana
Kikubaaqudgha
Makhleb
Nemelex Xobeh
Okawaru
Qazlal
Ru
Sif Muna
Trog
Uskayaw
Vehumet
Wu Jian
Xom
Yredelemnul
Zin
The Shining One
Beogh

Shops:
D:5 =   D:6 *:*=(   D:9 (

Annotations:
D:7 2 transporters, Swankypants's ghost, novice HuFi


Message History

You feel a surge of power!
The sticky flame hits the vampire.
The vampire is heavily damaged.
The vampire is covered in liquid flames!
The vampire burns!
The vampire hits you.
* * * LOW HITPOINT WARNING * * *
You block the vampire's attack.
Casting: Sticky Flame (dangerous; 2% risk of failure)
Confirm with . or Enter, or press ? or * to list all spells.
Aiming: Fireball (dangerous; 7% risk of failure)
Press: ? - help, Shift-Dir - straight line, p - vampire You feel a surge of power!
The fireball explodes!
The fireball engulfs the vampire!!
You destroy the vampire!
There is an open door here.
Items here: ))) [[[ †.
As you close the door, it creaks loudly!
You start resting.
Magic restored.
HP restored.
You open the door.
There is an open door here.
Found a stone staircase leading down.
Found a stone staircase leading up.
Found an escape hatch in the ceiling.
Found a stone staircase leading down.
You now have enough gold to buy a +4 ring of protection on D:6.
You can access your shopping list by pressing '$'.
You now have 471 gold pieces (gained 19).
A troll comes into view.
A boulder beetle comes into view.
Casting: Fireball (dangerous; 6% risk of failure)
Confirm with . or Enter, or press ? or * to list all spells.
Aiming: Sticky Flame (dangerous; 2% risk of failure)
Press: ? - help, Shift-Dir - straight line, f - troll
Aim: a troll (asleep, 0% to evade)
You feel a surge of power!
The sticky flame hits the troll.
The troll is lightly wounded.
The troll shouts!
The troll is covered in liquid flames!
The troll burns!
You block the troll's attack. The troll claws you. x2
The troll burns!
The troll burns!
The troll stops burning.
The boulder beetle leaps!
Casting: Sticky Flame (dangerous; 2% risk of failure)
Confirm with . or Enter, or press ? or * to list all spells.
Aiming: Sticky Flame (dangerous; 2% risk of failure)
Press: ? - help, Shift-Dir - straight line, f/p - troll
Aim: a troll (moderately wounded, 0% to evade)
You feel a surge of power!
The sticky flame hits the troll.
The troll is heavily wounded.
The troll is covered in liquid flames!
The troll burns!
The troll bites you! You block the troll's attack. The troll claws you.
The troll burns!
The troll burns!
The troll burns!
The troll burns!
The troll burns!
The troll burns!
You kill the troll!
Vehumet offers you knowledge of Searing Ray.
You feel your power returning.
You start resting.
A boulder beetle is nearby!
Casting: Sticky Flame (dangerous; 2% risk of failure)
Confirm with . or Enter, or press ? or * to list all spells.
Aiming: Sticky Flame (dangerous; 2% risk of failure)
Press: ? - help, Shift-Dir - straight line, f - boulder beetle
Aim: a boulder beetle (0% to evade)
You feel a surge of power!
The sticky flame hits the boulder beetle but does no damage.
The boulder beetle is covered in liquid flames!
The boulder beetle burns!
The boulder beetle bites you.
* * * LOW HITPOINT WARNING * * *
The boulder beetle burns!
The boulder beetle leaps!
You start resting.
A boulder beetle is nearby!
Casting: Sticky Flame (dangerous; 2% risk of failure)
Confirm with . or Enter, or press ? or * to list all spells.
Aiming: Sticky Flame (dangerous; 2% risk of failure)
Press: ? - help, Shift-Dir - straight line, f/p - boulder beetle
Aim: a boulder beetle (lightly wounded, 0% to evade)
You feel a surge of power!
The sticky flame hits the boulder beetle.
The boulder beetle is lightly wounded.
The boulder beetle is covered in liquid flames!
The boulder beetle burns!
The boulder beetle bites you!!
* * * LOW HITPOINT WARNING * * *
The boulder beetle burns!
The boulder beetle curls into a ball and begins rolling!
Okay, then.
Okay, then.
Casting: Sticky Flame (dangerous; 2% risk of failure)
Confirm with . or Enter, or press ? or * to list all spells.
You feel a surge of power!
You conjure some foxfire!
The boulder beetle burns!
The foxfire hits the boulder beetle but does no damage.
The boulder beetle is moderately wounded.
The boulder beetle burns!
The boulder beetle stops burning.
Your foxfire dissipates!
The boulder beetle hits you!!!
Ouch! That really hurt!
You die...

################
#...#..........#
#.#.#.########.#
#...#.# #○#
#.#...# # #B#
###.....#.### #@#
.........>...###.#
...<.........#...#
.............#.###
.............#.#
.............#.#
.............#.#
.............#.#
....○........#.#


You could see a boulder beetle.

Vanquished Creatures
  Erolcha (D:10)
  2 two-headed ogres (D:9)
  An unseen horror (D:11)
  A centaur zombie (D:11)
  Maggie (D:7)
  A gargoyle (D:9)
  A centaur skeleton (D:12)
  3 trolls
  A hornet (D:7)
  A vampire (D:12)
  A wyvern (D:10)
  3 yaks (D:9)
  Grum (D:8)
  Duvessa (D:6)
  4 ice beasts
  8 orc warriors
  2 necrophages
  2 sky beasts
  5 black bears
  2 wolves
  7 ogres
  An eye of draining (D:7)
  5 centaurs
  3 phantoms
  A kobold brigand (D:9)
  A gnoll sergeant (D:8)
  10 bullfrogs
  A water moccasin zombie (D:5)
  Dowan (D:6)
  6 scorpions
  4 killer bees (D:8)
  23 wights
  An electric eel (D:6)
  A howler monkey (D:7)
  A quasit (D:9)
  2 jellies
  A bullfrog zombie (D:6)
  A gnoll shaman (D:3)
  A bullfrog skeleton (D:7)
  A hound (D:9)
  6 orc priests
  9 worker ants
  An iguana (D:11)
  17 orc wizards
  16 gnolls
  A worker ant zombie (D:11)
  A howler monkey skeleton (D:8)
  14 adders
  3 shadow imps
  2 white imps
  3 adder zombies
  2 adder skeletons
  3 worms
  10 dart slugs
  6 leopard geckos
  42 orcs
  4 bats
  12 giant cockroaches
  12 goblins
  3 hobgoblins
  18 jackals
  4 quokkas
  2 frilled lizards (D:3)
  A giant cockroach zombie (D:6)
  A jackal skeleton (D:6)
  3 kobolds
  A leopard gecko skeleton (D:8)
  A leopard gecko zombie (D:6)
  2 quokka zombies
  7 rats
321 creatures vanquished.

Vanquished Creatures (others)
  310 foxfires
  A fungus (D:8)
  9 plants (D:8)
320 creatures vanquished.

Grand Total: 641 creatures vanquished

Notes
Turn   | Place    | Note
-------+----------+-------------------------------------------
     0 | D:1      | rednaxela the Deep Elf Fire Elementalist began the quest
                  | for the Orb.
     0 | D:1      | Reached XP level 1. HP: 10/10 MP: 6/6
   186 | D:1      | Reached skill level 2 in Conjurations
   188 | D:1      | Reached XP level 2. HP: 15/15 MP: 2/8
   669 | D:1      | Reached skill level 3 in Conjurations
   813 | D:1      | Reached XP level 3. HP: 14/19 MP: 6/9
  1594 | D:2      | Found a stormy altar of Qazlal.
  1871 | D:2      | Reached XP level 4. HP: 17/24 MP: 5/11
  2834 | D:3      | Reached skill level 4 in Spellcasting
  2834 | D:3      | Reached skill level 4 in Conjurations
  2834 | D:3      | Reached skill level 4 in Fire Magic
  2834 | D:3      | Reached XP level 5. HP: 28/28 MP: 8/13
  3490 | D:3      | Reached XP level 6. HP: 32/32 MP: 12/15
  3496 | D:3      | Reached skill level 5 in Spellcasting
  3501 | D:3      | Learned a level 4 spell: Sticky Flame
  3507 | D:3      | Learned a level 5 spell: Fireball
  4151 | D:4      | Reached skill level 5 in Fire Magic
  4233 | D:4      | Reached skill level 5 in Conjurations
  4838 | D:4      | Reached XP level 7. HP: 32/36 MP: 9/17
  4918 | D:4      | Reached skill level 6 in Spellcasting
  6387 | D:5      | Entered Level 5 of the Dungeon
  6426 | D:5      | Found Qinkipn's Jewellery Emporium.
  6472 | D:5      | Reached skill level 6 in Fire Magic
  6528 | D:5      | Reached skill level 6 in Conjurations
  6813 | D:5      | Reached skill level 7 in Spellcasting
  6888 | D:5      | Reached XP level 8. HP: 37/41 MP: 9/21
  7485 | D:5      | Reached skill level 8 in Spellcasting
  7485 | D:5      | Reached skill level 7 in Conjurations
  7485 | D:5      | Reached skill level 7 in Fire Magic
  7886 | D:6      | Found Amyma's Weapon Emporium.
  8387 | D:6      | Found Maumum's General Store.
  8399 | D:6      | Bought a scroll of identify for 28 gold pieces
  8399 | D:6      | Bought a scroll of identify for 28 gold pieces
  8410 | D:6      | Found Weveyrch's Book Shoppe.
  8419 | D:6      | Found Hufor's Jewellery Shoppe.
  8426 | D:6      | Noticed Duvessa
  8733 | D:6      | Noticed Dowan
  8743 | D:6      | Killed Duvessa
  8747 | D:6      | Killed Dowan
  8829 | D:6      | Reached skill level 9 in Spellcasting
  9108 | D:6      | Reached XP level 9. HP: 45/45 MP: 19/24
  9196 | D:6      | Reached skill level 8 in Conjurations
  9196 | D:6      | Reached skill level 8 in Fire Magic
  9231 | D:6      | Found Xyehyq's Assorted Antiques.
  9743 | D:7      | Found a staircase to the Ecumenical Temple.
  9750 | Temple   | Entered the Ecumenical Temple
 10029 | D:7      | Found a transporter.
 10036 | D:7      | Found a transporter.
 10145 | D:7      | Noticed Swankypants's ghost (novice HuFi)
 10486 | D:7      | Noticed Maggie
 10501 | D:7      | Killed Maggie
 10720 | D:7      | Reached skill level 10 in Spellcasting
 10789 | D:7      | Found a bloodstained altar of Trog.
 11086 | D:7      | Reached skill level 9 in Fire Magic
 11121 | D:7      | Reached skill level 9 in Conjurations
 11667 | D:8      | Noticed Grum
 12243 | D:8      | Killed Grum
 12349 | D:8      | Reached skill level 3 in Dodging
 12477 | D:8      | Reached skill level 1 in Fighting
 12477 | D:8      | Reached XP level 10. HP: 52/52 MP: 15/26
 12868 | D:8      | Reached skill level 2 in Fighting
 12868 | D:8      | Reached skill level 4 in Dodging
 13209 | D:8      | Found a staircase to the Lair.
 13588 | D:8      | Found a radiant altar of Vehumet.
 13593 | D:8      | Reached skill level 5 in Dodging
 13599 | D:8      | Became a worshipper of Vehumet
 13924 | D:9      | Reached skill level 3 in Fighting
 13987 | D:9      | Reached skill level 6 in Dodging
 14383 | D:9      | Reached skill level 4 in Fighting
 14403 | D:9      | Noticed a gargoyle
 14846 | D:9      | Reached skill level 1 in Shields
 14857 | D:9      | Noticed a two-headed ogre
 14863 | D:9      | Killed a two-headed ogre
 14863 | D:9      | Reached * piety under Vehumet
 14863 | D:9      | Offered knowledge of Magic Dart by Vehumet.
 14863 | D:9      | Noticed a two-headed ogre
 14864 | D:9      | Reached skill level 3 in Shields
 15024 | D:9      | Killed a gargoyle
 15025 | D:9      | Reached skill level 4 in Shields
 15035 | D:9      | Killed a two-headed ogre
 15036 | D:9      | Reached XP level 11. HP: 61/61 MP: 8/27
 15037 | D:9      | Reached skill level 5 in Shields
 15328 | D:9      | Found Runeaz's Weapon Emporium.
 15332 | D:9      | Found a shimmering blue altar of Sif Muna.
 15427 | D:6      | Bought a ring of see invisible for 195 gold pieces
 15620 | D:10     | Entered Level 10 of the Dungeon
 16087 | D:10     | Noticed Erolcha
 16305 | D:10     | Killed Erolcha
 16306 | D:10     | Reached skill level 6 in Shields
 16464 | D:10     | You fall into a shaft and drop 1 floor!
 16760 | D:11     | Reached ** piety under Vehumet
 16760 | D:11     | Offered knowledge of Shock by Vehumet.
 17117 | D:11     | Reached skill level 7 in Shields
 17896 | D:11     | Noticed an unseen horror
 17903 | D:11     | Killed an unseen horror
 18384 | D:12     | Found a staircase to the Orcish Mines.
 18401 | D:12     | Reached skill level 8 in Shields
 19324 | D:12     | Noticed a boulder beetle
 19335 | D:12     | Offered knowledge of Searing Ray by Vehumet.
 19368 | D:12     | Annihilated by a boulder beetle

Illustrated notes

Levels and vault maps discovered:
D:1:      minmay_arrival_up_and_down, layout_basic
D:2:      layout_loops_ring, nicolae_qazlal_general_emergency
D:3:      layout_loops_cross
D:4:      layout_loops_corners, serial_glass, glass_columns_a, glass_columns_a,
          feat_on_display, due_unseen_surprise, kennysheep_cross_room,
          corexii_item_surrounded_by_moat
D:5:      layout_basic, minmay_shop_enchanted_jewellery
D:6:      kennysheep_slugbush, layout_loops_ring, serial_shops, shop, shop,
          shop_statue, shop, nicolae_shop_trees, uniq_duvessa
D:7:      layout_loops_ring, trog_eyes_of_draining, minmay_temple_entry_wispy,
          gammafunk_ghost_stat_death, uniq_maggie
D:8:      layout_cave_pools, kennysheep_little_box,
          grunt_lair_entry_orc_guard_hut, minmay_joined_circles, uniq_grum
D:9:      layout_small_grid, kennysheep_mini_moat, serial_shops,
          nicolae_shop_waterfront
D:10:     layout_stronghold, minmay_parallelograms, uniq_erolcha
D:11:     layout_layer_cave
D:12:     layout_basic, minmay_orc_entry_temple_small
Temple:   regret_index_temple_mists

Skill      XL: |  1  2  3  4  5  6  7  8  9 10 11 |
---------------+----------------------------------+-----
Conjurations   | 2 3 4 5 6 7 9 |  9.3
Spellcasting   | 4 5 7 9 10 | 10.8
Fire Magic     | 4 5 6 7 9 |  9.4
Dodging        | 3 6 |  6.6
Fighting       | 1 4 |  4.0
Shields        | 4 8 |  8.6
Stealth        | |  2.5

Action                   |  1- 3 |  4- 6 |  7- 9 | 10-12 || total
-------------------------+-------+-------+-------+-------++-------
Melee: Short sword       |     7 |    16 |       |       ||    23
       Whip              |       |     7 |    67 |    58 ||   132
       Staff             |       |       |       |    59 ||    59
 Cast: Foxfire           |    65 |    44 |    57 |    22 ||   188
       Sticky Flame      |       |    10 |    76 |   119 ||   205
       Fireball          |       |       |    13 |    28 ||    41
Evoke: Wand              |       |       |       |     1 ||     1
  Use: Scroll            |     3 |     1 |     6 |     5 ||    15
       Potion            |       |       |     1 |       ||     1
 Stab: Sleeping          |     2 |     1 |       |       ||     3
Armor: Robe              |     4 |     7 |     8 |       ||    19
       Steam dragon scal |       |       |    10 |    41 ||    51
Dodge: Dodged            |    24 |    45 |   122 |   184 ||   375
Block: Kite shield       |       |       |       |    22 ||    22

Table legend: (Time is in decaauts)
 A = Elapsed time spent in this place.
 B = Non-inter-level travel time spent in this place.
 C = Inter-level travel time spent in this place.
 D = Time resting spent in this place.
 E = Time spent auto-exploring this place.
 F = Levels seen in this place.
 G = Mean time per level.
                   A        B        C        D        E       F      G
               +--------+--------+--------+--------+--------+-----+--------+
         Total |  19501 |  18436 |   1065 |   4794 |  10829 |  13 | 1500.1 |
       Dungeon |  19271 |  18228 |   1043 |   4794 |  10623 |  12 | 1605.9 |
        Temple |    229 |    207 |     22 |      0 |    205 |   1 |  229.0 |
               +--------+--------+--------+--------+--------+-----+--------+

Top non-repeatable levels by time:
     D:7: 2230 daAuts
     D:5: 2207 daAuts
    D:11: 2134 daAuts
     D:3: 2121 daAuts
     D:4: 1902 daAuts
     D:8: 1696 daAuts
     D:6: 1547 daAuts
     D:2: 1484 daAuts
     D:1: 1188 daAuts
     D:9: 1131 daAuts
    D:10: 845 daAuts
    D:12: 783 daAuts
  Temple: 229 daAuts
